 Dungeon Crawl Stone Soup version 0.31.0-11-ge490571c62 (webtiles) character file.

Game seed: 5000145636044742770

452 boopmooplesden the Covered (level 6, -3/51 HPs)
             Began as an Armataur Fighter on Feb 5, 2024.
             Slain by an ogre
             ... wielding a +0 giant club
              (26 damage)
             ... on level 4 of the Dungeon.
             The game lasted 00:04:05 (3383 turns).

boopmooplesden the Covered (Armataur Fighter)       Turns: 3383, Time: 00:04:06

Health: -3/51      AC: 11    Str: 21    XL:     6   Next: 75%
Magic:  6/6        EV:  8    Int:  8    God:
Gold:   216        SH:  5    Dex: 18    Spells: 5/5 levels left

rFire   . . .        a - +0 long sword
rCold   . . .        c - +0 buckler
rNeg    . . .        b - +0 scale mail
rPois   .            (no helmet)
rElec   .            (no cloak)
rCorr   .            (no gloves)
SInv    .            (no barding)
Will    .....        (no amulet)
Stlth   +            k - +4 ring of protection
HPRegen 0.28/turn    i - +6 ring of dexterity
MPRegen 0.10/turn

%: roll
@: no status effects
A: large, deformed body, tough skin 3, armoured tail, roll 1
a: no special abilities


You were on level 4 of the Dungeon.
You visited 1 branch of the dungeon, and saw 4 of its levels.

You collected 216 gold pieces.

Inventory:

Hand Weapons
 a - a +0 long sword (weapon)
Missiles
 m - 5 boomerangs (quivered)
Armour
 b - a +0 scale mail (worn)
 c - a +0 buckler (worn)
Jewellery
 i - a +6 ring of dexterity (right hand)
 k - a +4 ring of protection (left hand)
Wands
 n - a wand of roots (3)
Scrolls
 f - a scroll of blinking {unknown}
 j - a scroll of fog
 l - a scroll of identify
 p - a scroll of amnesia
Potions
 e - a potion of curing {unknown}
 g - a potion of lignification {unknown}
 h - 2 potions of invisibility
 o - a potion of resistance {unknown}


   Skills:
 + Level 3.2 Fighting
 + Level 4.5 Long Blades
 + Level 5.5 Armour
 + Level 1.1 Dodging
 + Level 1.6 Stealth
 + Level 4.2 Shields


You had 5 spell levels left.
You didn't know any spells.
Your spell library contained the following spells:

 Spells                   Type           Power      Damage    Failure   Level
 Sculpt Simulacrum        Ice/Alch       0%         N/A       100%        6
 Ozocubu's Refrigeration  Ice            0%         4d7       100%        7
 Polar Vortex             Ice            0%         N/A       100%        9


Dungeon Overview and Level Annotations

Branches:
Dungeon (4/15)
 Temple: D:4-7

Altars:
Elyvilon


Innate Abilities, Weirdness & Mutations

Armour fits poorly on your strangely shaped body.
You have extremely tough skin. (AC +3)
You have a long armoured tail.
You regenerate magic when rolling toward enemies. (Rampage MPRegen)


Message History

You see here a +0 club.
You slice the gnoll!!
You kill the gnoll!
Things that are here:
a +0 halberd; a gnoll corpse You feel a little less mighty now.
An ogre comes into view. It is wielding a +0 giant club.
Found 2 stones.
The ogre shouts!
Throw: 5 boomerangs
Press: ? - help, Q - select action, (/) - cycle Shift-Dir - straight line, f - ogre
Aim: an ogre, wielding a +0 giant club (74% to hit)
You throw a boomerang. The boomerang barely misses the ogre.
Throw: 5 boomerangs
Press: ? - help, Q - select action, (/) - cycle Shift-Dir - straight line, f/p - ogre
Aim: an ogre, wielding a +0 giant club (74% to hit)
You throw a boomerang. The boomerang hits the ogre.
The ogre is lightly wounded.
Throw: 5 boomerangs
Press: ? - help, Q - select action, (/) - cycle Shift-Dir - straight line, f/p - ogre
Aim: an ogre, wielding a +0 giant club (lightly wounded, 74% to hit)
You throw a boomerang. The boomerang hits the ogre.
The ogre is moderately wounded.
Throw: 5 boomerangs
Press: ? - help, Q - select action, (/) - cycle Shift-Dir - straight line, f/p - ogre
Aim: an ogre, wielding a +0 giant club (moderately wounded, 74% to hit)
You throw a boomerang. The boomerang hits the ogre.
The ogre is moderately wounded.
You hit the ogre but do no damage.
The ogre is moderately wounded.
The ogre closely misses you.
You hit the ogre but do no damage.
The ogre is moderately wounded.
The ogre hits you with a +0 giant club!!
Ouch! That really hurt!
You slash the ogre!
Your tail-slap misses the ogre.
The ogre is severely wounded.
The ogre hits you with a +0 giant club!!
Ouch! That really hurt!
You die...

........# #.....
#######.## (.O..
.........# ....
#######..########### ...
#.......))...... #..
#.#.####)###.### #..
##.#.# #........
#..######.#..########..##
#......O@###.............
#?#######.#..########..##
# ..#.# #..## .##.# #..#
.# #..# .# #..## .# #....
.# #..## #.<##


You could see an ogre.

Vanquished Creatures
  A black bear (D:4)
  A hound (D:4)
  A gnoll bouda (D:4)
  2 orc priests (D:4)
  An iguana (D:4)
  5 gnolls (D:4)
  9 adders
  5 dart slugs
  5 orcs
  6 ball pythons
  8 bats
  7 endoplasms
  5 giant cockroaches
  5 goblins
  A hobgoblin (D:2)
  6 jackals (D:1)
  5 quokkas
  5 kobolds
  4 rats
82 creatures vanquished.

Notes
Turn   | Place    | Note
-------+----------+-------------------------------------------
     0 | D:1      | boopmooplesden the Armataur Fighter began the quest for the
                  | Orb.
     0 | D:1      | Reached XP level 1. HP: 18/18 MP: 1/1
   132 | D:1      | Reached XP level 2. HP: 25/25 MP: 2/2
   455 | D:1      | Reached skill level 4 in Armour
   753 | D:1      | Reached XP level 3. HP: 30/30 MP: 3/3
  1468 | D:2      | Reached XP level 4. HP: 38/38 MP: 4/4
  2233 | D:3      | Reached skill level 1 in Stealth
  2822 | D:4      | Reached XP level 5. HP: 44/45 MP: 5/5
  2863 | D:4      | Found a white marble altar of Elyvilon.
  3003 | D:4      | Noticed a black bear
  3013 | D:4      | Killed a black bear
  3022 | D:4      | Reached XP level 6. HP: 26/51 MP: 6/6
  3158 | D:4      | Reached skill level 5 in Armour
  3182 | D:4      | Reached skill level 1 in Dodging
  3383 | D:4      | Slain by an ogre

Illustrated notes

Levels and vault maps discovered:
D:1:      dpeg_arrival_boxes_within_box, layout_basic
D:2:      layout_rooms, roderic_lattice_a
D:3:      layout_basic
D:4:      minmay_spotlight, layout_loops_ring, amcnicky_altar_gilded

Skill      XL: |  1  2  3  4  5  6 |
---------------+-------------------+-----
Armour         | 4 5 |  5.5
Long Blades    | 2 3 4 |  4.5
Fighting       | 3 |  3.2
Stealth        | 1 |  1.6
Shields        | 4 |  4.2
Dodging        | 1 |  1.1

Action                     |  1- 3 |  4- 6 || total
---------------------------+-------+-------++-------
  Melee: Long sword        |   122 |   142 ||   264
         Tailslap          |    13 |    20 ||    33
  Throw: Boomerang         |       |     4 ||     4
    Use: Scroll            |     3 |     5 ||     8
         Potion            |       |     1 ||     1
 Armour: Scale mail        |   123 |   117 ||   240
  Dodge: Dodged            |    60 |    43 ||   103
  Block: Buckler           |    40 |    38 ||    78
